 Dungeon Crawl Stone Soup version 0.29.1-1-gd02db69 (webtiles) character file.

Game seed: 9852597838362695538

414 Timinator the Insei (level 6, 0/49 HPs)
             Began as a Demigod Transmuter on Dec 18, 2022.
             Slain by Edmund
             ... wielding a +3 flail of holy wrath
              (13 damage)
             ... on level 4 of the Dungeon.
             The game lasted 00:19:11 (3860 turns).

Timinator the Insei (Demigod Transmuter)            Turns: 3860, Time: 00:19:11

Health: 0/49       AC:  4    Str: 15    XL:     6   Next: 33%
Magic:  13/13      EV: 13    Int: 15    God:
Gold:   172        SH:  0    Dex: 18    Spells: 7/10 levels left

rFire   . . .      SeeInvis .     - Unarmed
rCold   . . .      Faith    .   (no shield)
rNeg    . . .      Spirit   .   g - +0 leather armour
rPois   .          Reflect  .   (helmet currently unavailable)
rElec   .          Harm     .   (no cloak)
rCorr   .          Rampage  .   t - +0 pair of gloves
Will    .....                   (boots currently unavailable)
Stlth   +.........              m - amulet of regeneration
HPRegen 0.96/turn               (no ring)
MPRegen 0.13/turn               (no ring)

@: appendages, hasted, very quick
A: horns 2, talons 2, high MP 1, forlorn, divine attributes
a: End Transformation


You were on level 4 of the Dungeon.
You had temporarily grown beastly horns and talons.
You visited 1 branch of the dungeon, and saw 4 of its levels.

You collected 172 gold pieces.

Inventory:

Missiles
 r - 6 javelins (quivered)
Armour
 g - a +0 leather armour (worn)
 l - a +0 pair of boots (melded)
 t - a +0 pair of gloves (worn)
 u - a +0 ring mail
Jewellery
 m - an amulet of regeneration (around neck)
 z - a ring of ice
Scrolls
 b - a scroll of immolation {unknown}
 e - a scroll of silence {unknown}
 f - 3 scrolls of vulnerability
 j - a scroll of blinking {unknown}
 k - a scroll of teleportation {unknown}
 o - a scroll of torment {unknown}
 v - a scroll of enchant weapon {unknown}
 w - 2 scrolls of fear {unknown}
 x - 2 scrolls of noise {unknown}
 y - a scroll of amnesia {unknown}
Potions
 a - 2 potions of brilliance
 h - 4 potions of attraction
 i - 3 potions of flight
 n - a potion of resistance {unknown}
 p - a potion of might {unknown}
 q - 2 potions of invisibility
 s - a potion of haste
 A - a potion of ambrosia


   Skills:
 * Level 2.3 Fighting
 + Level 0.2 Throwing
 + Level 2.0 Armour
 * Level 2.9 Dodging
 + Level 3.9 Unarmed Combat
 + Level 2.7 Spellcasting
 * Level 3.2 Transmutations


You had 7 spell levels left.
You knew the following spells:

 Your Spells              Type           Power      Damage    Failure   Level
a - Beastly Appendage     Tmut           22%        N/A       7%          1
b - Wereblood             Tmut           11%        N/A       11%         2

Your spell library contained the following spells:

 Spells                   Type           Power      Damage    Failure   Level
 Passwall                 Tmut/Erth      5%         N/A       21%         2
 Sandblast                Erth           4%         2d4       26%         1
 Spider Form              Tmut/Pois      6%         N/A       36%         3
 Call Canine Familiar     Summ           2%         N/A       58%         3
 Portal Projectile        Hex/Tloc       4%         N/A       58%         3
 Stone Arrow              Conj/Erth      4%         3d7       58%         3
 Ice Form                 Ice/Tmut       6%         N/A       78%         4
 Leda's Liquefaction      Hex/Erth       1%         N/A       94%         4


Dungeon Overview and Level Annotations

Branches:
Dungeon (4/15)
 Temple: D:4-7

Annotations:
D:4 Edmund


Innate Abilities, Weirdness & Mutations

You have temporarily grown beastly horns and talons.
You have an increased reservoir of magic. (+10% MP)
You shall have no god before yourself.
Your divine heritage dramatically boosts your attributes as you level up.


Message History

You drop 2 potions of degeneration.
Edmund the Younger comes into view.
He is wielding a +3 flail of holy wrath.
You aren't carrying any items that you can evoke.
You feel yourself speed up.
Casting: Beastly Appendage (safe; 7% risk of failure)
Confirm with . or Enter, or press ? or * to list all spells.
You grow a pair of large bovine horns.
Your feet morph into talons.
Your +0 pair of boots melds into your body.
You hit Edmund.
Edmund is lightly wounded.
Edmund barely misses you.
You closely miss Edmund.
Edmund is lightly wounded.
You hit Edmund but do no damage.
Edmund is lightly wounded.
Edmund hits you with a +3 flail of holy wrath.
You closely miss Edmund. You headbutt Edmund.
Edmund is lightly wounded.
Edmund hits you with a +3 flail of holy wrath.
You barely miss Edmund.
Edmund is lightly wounded.
You hit Edmund but do no damage. Your headbutt misses Edmund.
Your punch misses Edmund.
Edmund is lightly wounded.
Edmund hits you with a +3 flail of holy wrath!
You hit Edmund.
Edmund is moderately wounded.
You closely miss Edmund.
Edmund is moderately wounded.
Edmund hits you with a +3 flail of holy wrath!
You hit Edmund but do no damage. Your kick misses Edmund.
Edmund is moderately wounded.
Edmund hits you with a +3 flail of holy wrath!
* * * LOW HITPOINT WARNING * * *
You hit Edmund but do no damage. Your kick misses Edmund.
Edmund is moderately wounded.
You barely miss Edmund. You claw Edmund. You headbutt Edmund!
Edmund is heavily wounded.
Edmund hits you with a +3 flail of holy wrath!
You die...

#.... .# #...# .## #...# ..
#...# .# # ############.†.#
##.##.# #......#.......#
#..... .
#.####.#.####)######..## .#
..
#.####.#.####@[........##.#.#
#.##.........@....##........
#........#.)......##.#.##.##
#.##.#...#..#..#..#.......#
#..............#..#.##.##.#
#.##..#........#..#. #....#
#.###.#..#####....#. ###..#
#!###.#..#...#....#.####..#
#.........#.[.#).##.......#
#####.#..#...#...#######.##


You could see Edmund.

Vanquished Creatures
  A scorpion (D:4)
  2 orc priests (D:3)
  Natasha (thrice) (D:2)
  An orc wizard (D:3)
  4 gnolls (D:3)
  7 adders
  4 worms
  2 dart slugs (D:2)
  14 orcs
  5 bats
  5 endoplasms
  2 giant cockroaches
  6 goblins
  4 hobgoblins
  3 jackals
  2 quokkas (D:2)
  5 ball pythons
  2 frilled lizards (D:2)
  6 kobolds
  4 rats
82 creatures vanquished.

Notes
Turn   | Place    | Note
-------+----------+-------------------------------------------
     0 | D:1      | Timinator the Demigod Transmuter began the quest for the
                  | Orb.
     0 | D:1      | Reached XP level 1. HP: 15/15 MP: 5/5
    36 | D:1      | Reached skill level 1 in Fighting
   616 | D:2      | Reached XP level 2. HP: 23/23 MP: 5/7
   652 | D:2      | Noticed Natasha
   694 | D:2      | Killed Natasha
   695 | D:2      | Reached XP level 3. HP: 3/28 MP: 8/8
   724 | D:2      | Noticed Natasha
   730 | D:2      | Killed Natasha
   843 | D:2      | Noticed Natasha
   859 | D:2      | Killed Natasha
   860 | D:2      | Reached skill level 1 in Armour
   860 | D:2      | Reached XP level 4. HP: 8/36 MP: 7/9
  2022 | D:3      | Reached XP level 5. HP: 41/41 MP: 11/11
  2528 | D:3      | Learned a level 2 spell: Wereblood
  2867 | D:3      | Reached XP level 6. HP: 15/48 MP: 12/12
  3844 | D:4      | Noticed Edmund
  3860 | D:4      | Slain by Edmund

Illustrated notes

Levels and vault maps discovered:
D:1:      amcnicky_arrival_flooded_fountain, layout_basic
D:2:      layout_rooms, st_stairs_11, minmay_octomino_c4, uniq_natasha
D:3:      layout_basic
D:4:      layout_loops_cross, minmay_temple_entry_statues_pillars,
          minmay_distorted, uniq_edmund

Skill      XL: |  1  2  3  4  5  6 |
---------------+-------------------+-----
Fighting       | 1 2 |  2.3
Transmutations | 2 3 |  3.2
Dodging        | 2 |  2.9
Unarmed Combat | 3 |  3.9
Spellcasting   | 2 |  2.7
Armour         | 1 2 |  2.0
Throwing       | |  0.2

Action                   |  1- 3 |  4- 6 || total
-------------------------+-------+-------++-------
Melee: Unarmed           |    78 |   203 ||   281
       Headbutt          |    14 |    30 ||    44
       Kick              |     8 |    33 ||    41
       Punch             |     1 |     3 ||     4
Throw: Javelin           |       |     9 ||     9
 Cast: Beastly Appendage |    12 |    23 ||    35
       Wereblood         |       |     6 ||     6
  Use: Potion            |     5 |     3 ||     8
       Scroll            |       |     6 ||     6
 Stab: Sleeping          |     1 |       ||     1
Armor: Robe              |     3 |       ||     3
       Leather armour    |    10 |    59 ||    69
       Skin              |     3 |       ||     3
Dodge: Dodged            |    29 |   115 ||   144
